 Dungeon Crawl Stone Soup version 0.27.1-16-g815e20cd7a (webtiles) character file.

Game seed: 2752476318815288901

123 TheCrusader the Chopper (level 5, -3/69 HPs)
             Began as a Hill Orc Monk on Nov 23, 2021.
             Slain by a black bear (5 damage)
             ... on level 3 of the Dungeon on Nov 24, 2021.
             The game lasted 00:11:16 (3438 turns).

TheCrusader the Chopper (Hill Orc Monk)             Turns: 3438, Time: 00:11:17

Health: -3/69      AC: 22    Str: 15    XL:     5   Next: 7%
Magic:  7/7        EV:  2    Int: 10    God:
Gold:   78         SH:  0    Dex: 13    Spells: 7/7 levels left

rFire    . . .     SeeInvis .   a - +0 hand axe
rCold    . . .     Faith    .   (no shield)
rNeg     + + +     Spirit   .   (armour currently unavailable)
rPois    +         Reflect  .   (helmet currently unavailable)
rElec    .         Harm     .   (cloak currently unavailable)
rCorr    .         Rampage  .   (gloves currently unavailable)
Will     .....     NoTele   +   (boots currently unavailable)
Stlth    ++........             (no amulet)
HPRegen  0.21/turn              m - ring of poison resistance
MPRegen  0.10/turn              (no ring)

@: tree-form
A: stationary, stasis, torment immunity, boosted hp
a: no special abilities


You were on level 3 of the Dungeon.
You were a tree.
You visited 1 branch of the dungeon, and saw 3 of its levels.

You collected 78 gold pieces.

Inventory:

Hand Weapons
 a - a +0 hand axe (weapon)
 l - a +0 mace
Armour
 f - a +0 scale mail
 o - a +0 plate armour (melded)
 p - a +0 hat (melded)
Magical Staves
 g - a staff of conjuration
Jewellery
 m - a ring of poison resistance (left branch)
Scrolls
 b - a scroll of noise {unknown}
 c - 5 scrolls of identify
 j - a scroll of teleportation {unknown}
 k - a scroll of acquirement {unknown}
 n - a scroll of brand weapon {unknown}
Potions
 h - a potion of mutation


   Skills:
 + Level 4.1 Fighting
 + Level 4.8 Axes
 * Level 2.5 Armour
 + Level 2.6 Dodging
 + Level 1.7 Stealth
 * Level 1.5 Spellcasting


You had 7 spell levels left.
You didn't know any spells.
Your spell library contained the following spells:

 Spells                   Type           Power      Damage    Failure   Level
 Sublimation of Blood     Necr           0%         N/A       45%         2
 Wereblood                Tmut           0%         N/A       45%         2
 Summon Hydra             Summ           0%         N/A       100%        7


Dungeon Overview and Level Annotations

Branches:
Dungeon (3/15)

Altars:

Shops:
D:2 [   D:3 (


Message History

The black bear claws you but does no damage. x2
You barely miss the black bear.
The black bear is severely wounded.
The black bear bites you but does no damage.
The black bear claws you but does no damage. x2
You hit the black bear.
The black bear is almost dead.
The black bear goes berserk!
You hit the black bear but do no damage.
The black bear is severely wounded.
The black bear bites you.
* * * LOW HITPOINT WARNING * * *
The black bear claws you.
* * * LOW HITPOINT WARNING * * *
The black bear claws you but does no damage.
You barely miss the black bear.
The black bear is severely wounded.
The black bear bites you but does no damage.
The black bear claws you but does no damage.
The black bear claws you.
* * * LOW HITPOINT WARNING * * *
The black bear bites you but does no damage.
The black bear claws you.
* * * LOW HITPOINT WARNING * * *
The black bear claws you but does no damage.
As you read the scroll labelled SUSUMI NOONK, it crumbles to dust.
It is a scroll of amnesia.
You feel forgetful for a moment.
The black bear bites you but does no damage.
The black bear claws you but does no damage. x2
Unknown command.
As you read the scroll labelled MUSITE LIMEMIN, it crumbles to dust.
It is a scroll of identify.
h - a potion of mutation The black bear bites you but does no damage.
The black bear claws you.
* * * LOW HITPOINT WARNING * * *
The black bear claws you but does no damage.
The black bear bites you.
You die...

. #...†...# # #.#
#.......# #
#.#########.#### #
#......# #....# #
####....#.#######.###
####.................[..
.............###...#.##.
.###.........#.......)..
......h♣.....#.......##.
>###..#....###.......##.
#. #.##.# ###...####. ..
......# #........ ##
###.#### #...##### #.#
#...# #.# #...# ...
#...##### #####...#...#


You could see a black bear (berserk).

Vanquished Creatures
  Terence (D:3)
  4 adders
  2 worms (D:3)
  4 dart slugs
  An orc (D:2)
  6 bats
  5 endoplasms
  2 giant cockroaches
  4 goblins
  4 hobgoblins
  2 quokkas (D:2)
  3 ball pythons
  5 frilled lizards
  3 kobolds
  6 rats
52 creatures vanquished.

Notes
Turn   | Place    | Note
-------+----------+-------------------------------------------
     0 | D:1      | TheCrusader the Hill Orc Monk began the quest for the Orb.
     0 | D:1      | Reached XP level 1. HP: 19/19 MP: 1/1
   396 | D:1      | Reached XP level 2. HP: 21/27 MP: 2/2
   623 | D:1      | Reached skill level 1 in Armour
   840 | D:1      | Found a faded altar of an unknown god.
  1094 | D:2      | Reached XP level 3. HP: 23/33 MP: 3/3
  1666 | D:2      | Reached skill level 1 in Spellcasting
  1702 | D:2      | Reached XP level 4. HP: 33/40 MP: 5/5
  1928 | D:2      | Found Akuess's Antique Armour Boutique.
  2427 | D:3      | Found Byuki's Weapon Shoppe.
  2432 | D:3      | Noticed Terence
  2463 | D:3      | Killed Terence
  3193 | D:3      | Reached XP level 5. HP: 39/46 MP: 7/7
  3415 | D:3      | Noticed a black bear
  3438 | D:3      | HP: 2/69 [black bear (2)]
  3438 | D:3      | Slain by a black bear

Illustrated notes

Levels and vault maps discovered:
D:1:      roderic_octagonal_star, layout_loops_ring,
          shapermc_ecumenical_altar_venn, minmay_surrounded
D:2:      layout_loops_corners, serial_shops, shop, minmay_tree_intersection,
          glass_columns_a
D:3:      layout_loops_cross, serial_shops, shop_fountains,
          minmay_misc_feat_enclosed, uniq_terence

Skill      XL: |  1  2  3  4 |
---------------+-------------+-----
Armour         | 1 2 |  2.5
Fighting       | 4 |  4.1
Spellcasting   | 1 |  1.5
Axes           | |  4.8
Dodging        | |  2.6
Stealth        | |  1.7

Action                   |  1- 3 |  4- 6 || total
-------------------------+-------+-------++-------
Melee: Hand axe          |   145 |   124 ||   269
  Use: Potion            |       |     4 ||     4
       Scroll            |       |     2 ||     2
 Stab: Sleeping          |     1 |       ||     1
Armor: Scale mail        |    89 |     5 ||    94
       Robe              |     2 |       ||     2
       Plate armour      |       |    73 ||    73
       Skin              |       |    37 ||    37
Dodge: Dodged            |    88 |    19 ||   107
